[Event "Khanty-Mansiysk FIDE GP (Women)"]
[Site "Khanty-Mansiysk"]
[Date "2014.04.11"]
[Round "3"]
[White "Ushenina, Anna"]
[Black "Kosteniuk, Alexandra"]
[Result "1/2-1/2"]
[ECO "D58"]
[WhiteElo "2501"]
[BlackElo "2527"]
[Annotator "ChessBase Website"]
[PlyCount "135"]
[EventDate "2014.04.09"]
[EventType "tourn"]
[EventRounds "11"]
[EventCountry "RUS"]
[EventCategory "10"]
[SourceTitle "CBM 160"]
[Source "ChessBase"]
[SourceDate "2014.05.15"]
[SourceVersion "1"]
[SourceVersionDate "2014.05.15"]
[SourceQuality "1"]
[TimeControl "40/5400+30:1800+30"]
[WhiteClock "1:30:00"]
[BlackClock "1:30:00"]

1. d4 Nf6 2. c4 e6 3. Nc3 d5 4. Bg5 Be7 5. e3 O-O 6. Nf3 h6 7. Bh4 b6 8. Be2 dxc4 9. Bxc4 Bb7 10. O-O Nbd7 11. Qe2 a6 12. Rfd1 b5 (12... Nd5
13. Bg3 Nxc3 14. bxc3 Bd6 15. e4 Bxg3 16. hxg3 b5 17. Bd3 Nb6 18. Qe3 Na4 19.
Bc2 Nb2 20. Rdb1 Nc4 21. Qc1 c5 22. a4 cxd4 23. cxd4 Rc8 24. axb5 axb5 25. Qe1
Bc6 26. Rb4 Ra8 27. Rd1 Ra3 28. d5 exd5 29. exd5 Re8 30. dxc6 Rxe1+ 31. Nxe1
Qc7 32. Rxb5 g6 33. Rc5 Ne5 34. Be4 Ng4 35. Nd3 Kg7 36. Bf3 Nf6 37. Nb4 h5 38.
Rdc1 Ra7 39. Nd5 Nxd5 40. Bxd5 Qd8 41. c7 Rxc7 42. Rxc7 {Kramnik,V (2784)
-Andreikin,D (2716) Tromsoe 2013 1-0 (63)}) 13. Bd3 Qe8 14. a4 b4 15. Nb1 c5 16. Nbd2 cxd4 17.
exd4 Nh5 18. Bg3 Nb6 19. a5 Nd5 20. Qe4 g6 21. Be5 Ra7 22. Qe1 Qa8 23. Bf1 Kh7 24. Nc4 Qd8 25. Nfd2 f6 26. Bg3 Ndf4 27. Qe3 Qb8 28. Nb3 Re8 29. Rac1 Bf8 30. Nb6 $16 {
[%emt 0:08:02][%csl Ra7,Gb6,Rf4,Rh5] The Orthodox variation of the Queen's
Gambit Declined is usually a quiet and positional affair. This game definitely
did not go that way and the position was very messy for many moves. Ushenina's
positional pressure seemed to hinder Kosteniuk's attempts to attack the
kingside and it seems that the Ukrainian must have had a winning shot at some
point or another, exploiting the awkward placement of Black's knights. However
she missed her opportunity and the game ended in a dramatic draw.} Nxg3 31. hxg3 Nd5 32. Nxd5 Bxd5 33. Bc4 Qa8 34. Bxd5 Qxd5 35. Rd2 h5 36. Rdc2 Bh6 37. f4 Rg7 38. Rc5 Qd8 39. Qe4 e5 40. dxe5 fxe5 41. Re1 h4 42. Rxe5 Rxe5 43. fxe5 hxg3 44. Nd4 Qxa5 45. Nf3 Qc5+ 46. Kh1 a5 47. Qh4 Qe7 48. Qxg3 a4 49. e6 a3 50. bxa3 bxa3 51. Qe5 a2 52. Qb2 Qa7 53. Ra1 Rc7 54.
e7 Rxe7 55. Qxa2 Qc5 56. Qa5 Qxa5 57. Rxa5 Bf4 58. Kg1 Re2 59. Kf1 Rb2 60. Ng5+ Kh6 61. Ne4 g5 62. g3 Be3 63. Ra6+ Kg7 64. Ra3 Bc1 65. Rc3 Bd2 66. Rd3 Bc1 67. Rc3 Bd2 68. Rd3 1/2-1/2

[Event "Khanty-Mansiysk FIDE GP (Women)"]
[Site "Khanty-Mansiysk"]
[Date "2014.04.12"]
[Round "4"]
[White "Kosteniuk, Alexandra"]
[Black "Batchimeg, Tuvshintugs"]
[Result "1-0"]
[ECO "C65"]
[WhiteElo "2527"]
[BlackElo "2340"]
[Annotator "ChessBase Website"]
[PlyCount "93"]
[EventDate "2014.04.09"]
[EventType "tourn"]
[EventRounds "11"]
[EventCountry "RUS"]
[EventCategory "10"]
[SourceTitle "CBM 160"]
[Source "ChessBase"]
[SourceDate "2014.05.15"]
[SourceVersion "1"]
[SourceVersionDate "2014.05.15"]
[SourceQuality "1"]
[TimeControl "40/5400+30:1800+30"]
[WhiteClock "1:30:00"]
[BlackClock "1:30:00"]

1. e4 e5 2. Nf3 Nc6 3. Bb5 Nf6 4. d3 Bc5 5. O-O Nd4 6. Nxd4 Bxd4 7. Nd2 (7. c3 Bb6 8.
Na3 c6 9. Ba4 O-O 10. Bg5 h6 11. Bh4 d5 12. exd5 cxd5 13. Bb3 g5 14. Bg3 Re8
15. Re1 Bc7 16. Nc2 Bg4 17. Qd2 d4 18. h3 Bf5 19. Ba4 Bd7 20. Bxd7 dxc3 21.
Qxc3 Nxd7 22. d4 Rc8 23. Qb3 Ba5 24. Re2 exd4 25. Rxe8+ Qxe8 26. Nxd4 Nc5 27.
Qf3 Qe4 28. Nf5 Qxf3 29. gxf3 Rd8 30. Nxh6+ Kg7 31. Nf5+ Kg6 32. Nd6 Bb6 33.
Nc4 Ne6 34. Re1 Bd4 35. b3 Rd5 36. Kf1 Bc5 {Topalov,V (2785)-Andreikin,D (2709)
Khanty-Mansiysk 2014 1/2-1/2 (69)}) 7... c6 8. Ba4 d6 9. c3 Bb6 10. Bb3 h6 11. Nc4 Bc7 12. Qf3 Be6 13. Ne3 Qd7
$146 (13... Bxb3 14. axb3 g6 15. d4 Kf8 16. dxe5 dxe5 17. Rd1
Qe7 18. Ng4 Nxg4 19. Qxg4 h5 20. Qh3 Rd8 21. Be3 {1/2-1/2 (21) Movsesian,S 
(2705)-Balogh,C (2668) Sibenik 2012}) 14. d4 Bg4 15. Qg3 $14 {[%emt 0:02:19][%csl Gg3,Rg4,Rg7] Another slow Spanish, but
this time the Mongolian player's bishop on g4 proved to be a static weakness
as it could not easily go home. Kosteniuk exploited this to the fullest of
extents, eventually Black was unable to hold her position together because of
this bishop and the extra material was sufficient for White to take the full
point eventually.} O-O 16. f4 h5 17. Bc2 Rfe8 18. fxe5 dxe5 19. d5 Qd6 20. Nxg4 hxg4 21. Bg5 Nh7 22. Bh4 g5 23. Qxg4 Qg6 24. Bf2 cxd5 25. Qe2 Nf6 26. exd5 e4 27. Rad1 Rad8 28. c4 Qh6 29. g3 e3 30. Be1 Be5 31. Ba4 Re7 32. Bb4 Bd6 33. c5 Re4 34. Bc3 Be5 35. Bc2 Bxc3 36. Bxe4 Bb4 37. Bf3 Bxc5 38. b4 Bxb4 39. Qxe3 b6 40. Rc1 Re8 41. Qd4 Bd6 42. Rc6 Nd7 43. Qa4 Re3 44. Rc8+ Nf8 45. Qxa7 Be5 46. Bg4 Qh7 47. Qe7 1-0

[Event "Khanty-Mansiysk FIDE GP (Women)"]
[Site "Khanty-Mansiysk"]
[Date "2014.04.14"]
[Round "5"]
[White "Zhao, Xue"]
[Black "Kosteniuk, Alexandra"]
[Result "1/2-1/2"]
[ECO "A13"]
[WhiteElo "2552"]
[BlackElo "2527"]
[Annotator "ChessBase Website"]
[PlyCount "85"]
[EventDate "2014.04.09"]
[EventType "tourn"]
[EventRounds "11"]
[EventCountry "RUS"]
[EventCategory "10"]
[SourceTitle "CBM 160"]
[Source "ChessBase"]
[SourceDate "2014.05.15"]
[SourceVersion "1"]
[SourceVersionDate "2014.05.15"]
[SourceQuality "1"]
[TimeControl "40/5400+30:1800+30"]
[WhiteClock "1:30:00"]
[BlackClock "1:30:00"]

1. Nf3 d5 2. c4 e6 3. b3 b6 (3... Nf6 4. g3 Be7 5. Bg2
O-O 6. O-O c5 7. Bb2 Nc6 8. e3 b6 9. Nc3 dxc4 10. bxc4 Qd3 11. Ne1 Qd7 12. Qe2
Bb7 13. f4 Rfd8 14. Rd1 Nb4 15. d3 Bxg2 16. Nxg2 a6 17. a3 Nc6 18. g4 Ne8 19.
f5 Nd6 20. f6 Bxf6 21. Rxf6 gxf6 22. Nf4 Ne5 23. Nh5 Qe7 24. Rf1 Nd7 25. Qg2 h6
26. h4 Kf8 27. Qg3 Ke8 28. Qf4 Qf8 29. Nd5 exd5 30. Bxf6 Ne5 31. Qxe5+ Kd7 32.
Bg7 Re8 33. Nf6+ {Kramnik,V (2784)-Fridman,D (2629) Dortmund 2013 1-0}) 4. g3 Bb7 5. Bg2 Be7 6. cxd5 $146 (6. Bb2 Bf6 7. Bxf6 Nxf6 8. cxd5 exd5 9. d4
O-O 10. O-O Nbd7 11. Nc3 Re8 12. Rc1 a6 13. e3 Rc8 14. Re1 c5 15. dxc5 bxc5 16.
Re2 Rc7 17. Rec2 Qa8 18. Na4 Qa7 19. Ne1 Rec8 20. Nd3 c4 21. Nb4 Qa8 22. Nd3
Bc6 23. Ndb2 cxb3 24. axb3 Qa7 25. Nc5 Nxc5 26. Rxc5 Bb5 27. Rxc7 Rxc7 28. Nd3
Rxc1 29. Nxc1 Qc5 30. Nd3 Bxd3 31. Qxd3 a5 32. Bf3 Kf8 33. Qa6 h5 34. h4 Kg8
35. Kg2 Kh7 {Ballmann,M (2305)-Blatny,P (2495) Lenk 1991 1/2-1/2 (64)}) 6...
Bxd5 7. Bb2 Nf6 8. Nc3 Bb7 9. b4 {[%emt 0:01:38] In an unsual game,
Zhao Xue never moved her e or d pawns! She aggressively pushed forward on the
queenside, but Kosteniuk was able to defend quite well and the game was equal
throughout. It finished in a perpetual check after Zhao Xue sacrificed a
knight to force the draw.} O-O 10. b5 a6 11. a4 Nbd7 12. O-O axb5 13. axb5 Rxa1 14. Bxa1 Qa8 15. Qc2 Ne5 16. Nh4 Bxg2 17. Nxg2 Rc8 18. Ne3 Qb7 19. Rb1 h5 20. Ncd1 Ng6 21. h4 Ne8 22. Ng2 Bf6 23. Bc3 Ra8 24.
Nge3 Bxc3 25. Nxc3 Nd6 26. Qb3 Ne5 27. Qb4 Ra7 28. Qd4 Nd7 29.
Nc4 Nxc4 30. Qxd7 Qa8 31. Qd4 Nd6 32. Qe5 Ra1 33. Rxa1 Qxa1+ 34. Kg2 Qb2 35. Qg5 f6 36. Qxh5 Qxd2 37. Qf3 Nc4 38. Qc6 Qxc3 39. Qe8+ Kh7 40. Qh5+ Kg8 41. Qe8+ Kh7 42. Qh5+ Kg8 43. Qe8+ 1/2-1/2

[Event "Khanty-Mansiysk FIDE GP (Women)"]
[Site "Khanty-Mansiysk"]
[Date "2014.04.15"]
[Round "6"]
[White "Kosteniuk, Alexandra"]
[Black "Dzagnidze, Nana"]
[Result "1-0"]
[ECO "B42"]
[WhiteElo "2527"]
[BlackElo "2550"]
[Annotator "ChessBase Website"]
[PlyCount "109"]
[EventDate "2014.04.09"]
[EventType "tourn"]
[EventRounds "11"]
[EventCountry "RUS"]
[EventCategory "10"]
[SourceTitle "CBM 160"]
[Source "ChessBase"]
[SourceDate "2014.05.15"]
[SourceVersion "1"]
[SourceVersionDate "2014.05.15"]
[SourceQuality "1"]
[TimeControl "40/5400+30:1800+30"]
[WhiteClock "1:30:00"]
[BlackClock "1:30:00"]

1. e4 c5 2. Nf3 e6 3. d4 cxd4 4. Nxd4 a6 5. Bd3 Nf6 6. O-O Qc7 7. Qe2 d6 8. c4 g6 9. Nc3 Bg7 10. Nf3 O-O 11. Rd1 Nc6 12. h3 Nd7 13.
Be3 (13. Bf4 Nde5 14. Rac1 Bd7 15. b3 Rac8 16. Bb1 Nxf3+ 17.
Qxf3 Nd4 18. Qd3 Bc6 19. Be3 e5 20. Bxd4 exd4 21. Ne2 Rce8 22. f3 f5 23. exf5
Re3 24. Qd2 Bxf3 25. gxf3 Rxf3 26. Nxd4 Rxh3 27. Qg2 Rh5 28. Ne6 Qe7 29. Rf1
Be5 30. Rf3 Rf6 31. Rh3 Rxh3 32. Qxh3 gxf5 33. Bxf5 Qf7 34. Rf1 Kh8 35. Kh1 b5
36. Ng5 Qb7+ 37. Be4 Rxf1+ 38. Qxf1 Qe7 39. Qf5 Bf6 40. Qxh7+ Qxh7+ 41. Nxh7
Be7 42. Kg2 bxc4 {Hou,Y (2629)-Dzagnidze,N (2557) Beijing 2013 1-0}) 13... b6 14. Rac1 Bb7 15. Qd2 Nc5 16. Bb1 Rad8 17. b3 f5 {[%emt 0:18:27] Dzagnidze essayed the Kan
Sicilian again, and Kosteniuk also used a Maroczy type system against her,
more or less how Hou Yifan did it to beat the Georgian player in an earlier
round. Dzagnidze's f5 pawn break was maybe too abrupt and the opening of
diagonals and files seemed to favor Kosteniuk. The game became double-edged in
time pressure, and both players blundered. However it was the Russian that
emerged up a pawn and with good technique she finished the game off.} 18. exf5 gxf5 $146 (18... Ne5 19. Nd4 gxf5 20. f4 Nc6
21. Nf3 Rf6 22. Qe2 Qf7 23. Rd2 h6 24. Qd1 Qe7 25. a3 a5 26. Nb5 d5 27. cxd5
exd5 28. Bf2 Rf7 29. Nbd4 Nxd4 30. Nxd4 Ne4 31. Re2 Qxa3 32. Nxf5 Rxf5 33. Bxe4
Rxf4 34. Bxb6 Bd4+ 35. Bxd4 dxe4 36. Rc7 Qd6 37. Rg7+ Kf8 38. Rd2 Rf5 39. Rxb7
Rd5 40. Qf1+ {1-0 (40) Groetz,H (2355)-Braun,P (2237) Salzburg 2004}) 19. Bf4 Ne5 20. Nd4 Ng6 21. Bg5 Rde8 22. b4 Nd7 23. Nce2 Nde5 24. a3 Kh8 25. Ba2 Nf7 26. c5 dxc5 27. bxc5 bxc5 28. Bf4 Nxf4 29. Nxf4 Bh6 30. Ndxe6 Rxe6 31. Nxe6 Bxd2 32. Nxc7 Bxc1 33. Rxc1 Nd6 34.
Rxc5 f4 35. Ne6 Rf6 36. Rc7 Be4 37. Rd7 Ne8 38. Rd8 Bg6 39.
Nc7 Rd6 40. Ra8 Rd1+ 41. Kh2 Rd2 42. Bc4 Rxf2 43. Kg1 Rc2 44.
Nxe8 Be4 45. Rd8 Rxg2+ 46. Kf1 Rc2 47. Bb3 Rb2 48. Nd6+ Kg7 49.
Rg8+ Kh6 50. Nf7+ Kh5 51. Bd1+ f3 52. Rg5+ Kh4 53. Rg4+ Kxh3 54. Rxe4 Kg3 55. Nh6 1-0

[Event "Khanty-Mansiysk FIDE GP (Women)"]
[Site "Khanty-Mansiysk"]
[Date "2014.04.16"]
[Round "7"]
[White "Girya, Olga"]
[Black "Kosteniuk, Alexandra"]
[Result "1-0"]
[ECO "D58"]
[WhiteElo "2450"]
[BlackElo "2527"]
[Annotator "Ramirez Alvarez,A"]
[PlyCount "77"]
[EventDate "2014.04.09"]
[EventType "tourn"]
[EventRounds "11"]
[EventCountry "RUS"]
[EventCategory "10"]
[SourceTitle "CBM 160"]
[Source "ChessBase"]
[SourceDate "2014.05.15"]
[SourceVersion "1"]
[SourceVersionDate "2014.05.15"]
[SourceQuality "1"]
[TimeControl "40/5400+30:1800+30"]
[WhiteClock "1:30:00"]
[BlackClock "1:30:00"]

1. d4 Nf6 2. c4 e6 3. Nf3 d5 4. Nc3 Be7 5. Bg5 h6 6. Bh4 O-O 7. e3 b6 8. Be2 dxc4 9. Bxc4 {[%emt 0:00:06] Kosteniuk has
been using the Queen's Gambit Declined with a certain amount of success out of
the opening in this event.} Bb7 10. O-O Nbd7 11. Qe2 a6 12. a4 c5 13. Rfd1 {[%emt 0:00:19] White retains some
pressure and it is not so obvious where all of Black's pieces are going to go,
but on the other hand she doesn't have any real weaknesses.} Qe8 14. Rac1 Bd6 15. d5 e5 16. Bg3 Nh5 17. Ne4 Bb8 18. Bh4 f5 19. d6+ $1 {[%emt 0:11:16] The start of a beautiful concept.} Kh8 20. Be7 $1 {[%emt 0:00:37] White sacrifices a full piece to
maintain a stronghold over the position; specifically the light squares.
Practically this is very hard to play against.} (20. Ng3 g5 $1 {is harmless
for Black.} 21. Nxg5 hxg5 22. Bxg5 Nxg3 23. hxg3 Qg6 $15 {White retains some
compensation but that is it.}) 20... fxe4 $6 (20... Bxe4 {
made much more sense to me} 21. Nh4 Nhf6 22. f3 Bb7 23. Nxf5 $16 {and White
keeps pressure. It's surprisingly hard to figure out what to do as Black.}) 21.
Nh4 Nhf6 22. Be6 $1 {[%emt 0:01:33] Inching
closer on the lightsquares.} Bc6 (22... g6 $5 {Trying to
patch things up} 23. Bxd7 $1 Nxd7 24. Bxf8 Nxf8 25. d7 Nxd7 26. Nxg6+ Qxg6 (
26... Kg7 27. Nf4 {and despite Black's material advantage her bishops are
clearly not very good and I would take White.}) 27. Rxd7 {is clearly better
for White.}) 23. Bf5 Rf7 24. Ng6+ Kg8 25. Qc4 {[%emt 0:14:53] Black is still holding,
but what to move?} Ra7 26. b3 $1 {[%emt 0:03:58] I love this
move. It shows patience and restraint. Despite being down a piece, Girya
simply defends the a4 pawn and prepares to infiltrate with the queen on e6,
taking advantage of Black's lack of moves. Delightful!} Nd5 27. Bxd7 $6 (27. Rxd5 $1 Rxf5 28. Rxc5+ Kh7 29. Nf8+ Nxf8 30.
Rxc6 {also favored White, who starts to pick up pawns.}) 27... Rxd7 {[%emt 0:
02:08] '?'} (27... Qxd7 {was the last chance to resist, but its a hard move to
make.} 28. Nxe5 Qf5 29. Nxf7 Qxf7 {and surprisingly White has lost a lot of
her coordination, but she certainly shouldn't be worse.}) 28. Rxd5 Bxd5 29. Qxd5 {[%emt 0:00:01] The rest is easy for Girya.
Despite being down an exchange, Black simply has no moves.} Bc7 {[%emt 0:09:18]
And now a little combination to wrap it all together.} 30. Nxe5 Rdxe7 31. Nxf7 Rxf7 (31...
Qxf7 32. dxe7 $18) 32. dxc7 Qc8 33. Qd8+ Rf8 34. Rd1 Kh7 35. h3 (35. Qxf8 Qxf8 36. Rd8 Qf6 37. g3 {also won, but
the text is more precise.}) 35... c4 36. bxc4 Qf5 37. Qxf8 Qxf8 38. Rd8 Qf6 39. c8=Q {[%emt 0:00:10] A beautiful
example of an intuitive sacrifice and the power of practical play. Great job!}
1-0

[Event "Khanty-Mansiysk FIDE GP (Women)"]
[Site "Khanty-Mansiysk"]
[Date "2014.04.17"]
[Round "8"]
[White "Kosteniuk, Alexandra"]
[Black "Lagno, Kateryna"]
[Result "1/2-1/2"]
[ECO "C14"]
[WhiteElo "2527"]
[BlackElo "2543"]
[Annotator "ChessBase Website"]
[PlyCount "50"]
[EventDate "2014.04.09"]
[EventType "tourn"]
[EventRounds "11"]
[EventCountry "RUS"]
[EventCategory "10"]
[SourceTitle "CBM 160"]
[Source "ChessBase"]
[SourceDate "2014.05.15"]
[SourceVersion "1"]
[SourceVersionDate "2014.05.15"]
[SourceQuality "1"]
[TimeControl "40/5400+30:1800+30"]
[WhiteClock "1:30:00"]
[BlackClock "1:30:00"]

1. e4 e6 2. d4 d5 3. Nc3 Nf6 4. Bg5 Be7 5. e5 Nfd7 6. h4 c5 7. Bxe7 Kxe7 8. f4 Nc6 9. dxc5 Nxc5 10. Qg4 (10. Qd2 d4 11. Nd1 Qd5 12. Nf2 Rd8
13. Nf3 b6 14. Bd3 f5 15. exf6+ gxf6 16. Qe2 Nxd3+ 17. Qxd3 f5 18. O-O Rg8 19.
c4 Qd6 20. Nh3 Bd7 21. Rae1 Raf8 22. a3 h6 23. b4 Rg3 24. Rf2 Rfg8 25. Kf1 a6
26. Nhg1 b5 27. Ne2 bxc4 28. Nxg3 Rxg3 29. Qxc4 Qxf4 30. Ne5 Qxh4 31. Nxc6+
Bxc6 32. Qxe6+ Kd8 33. Qd6+ Bd7 34. Qb8+ Bc8 35. Qb6+ Kd7 36. Qe6+ Kd8 37. Qe8+
Kc7 38. Rc2+ Rc3 39. Rxc3+ dxc3 {Hou,Y (2578)-Danielian,E (2513) Dresden 2008
1-0}) 10... Kf8 11. O-O-O Qa5 12. Nf3 $146 (12. Kb1 b5 13. Nh3 Rb8 14. Qf3 Ne7 15. Ne2 Ne4
16. Nd4 Nd2+ 17. Rxd2 Qxd2 18. Bd3 Qb4 19. Qf2 h5 20. a3 Qa4 21. f5 exf5 22.
Bxf5 Nxf5 23. Nxf5 Bxf5 24. Qxf5 Qe4 25. Qf2 Qxe5 26. Ng5 Qf6 27. Qxa7 Re8 28.
Qc5+ Kg8 29. Qxb5 Qe5 30. Rd1 Rh6 31. Rxd5 Qe1+ 32. Ka2 Rf6 33. Rd7 g6 34. Qc4
Qf1 35. Qxf1 Rxf1 36. b4 Re2 37. Rc7 Rxg2 38. b5 Rgg1 39. Kb3 Rb1+ 40. Ka4 Rg4+
41. Ka5 Rxh4 {Kostenko,P (2486)-Riazantsev,A (2576) Moscow 2004 1-0 (65)})
12... Rb8 13. h5 b5 14. h6 g6 15. Qh4 b4 16. Nxd5 exd5 17. Qf6 b3 18. Qxh8+ Ke7 19. Qf6+ Ke8 20. Rxd5 bxa2 {[%emt 0:
03:36][%csl Ga2] A truly wild game! It is almost impossible to make out all of
the complicated variations in this dual attack game. Kosteniuk went after
Lagno's throat, taking piece after piece with check! However the Ukrainian had
her own ideas, making an unstoppable passed pawn on a2 on move 20! The game
ended in an exciting perpetual check as Kosteniuk could not checkmate in time..
. A wonderful struggle!} 21. Qxc6+ Ke7 22.
Qf6+ Ke8 23. Qh8+ Ke7 24. Qf6+ Ke8 25. Qh8+ Ke7 1/2-1/2

[Event "Khanty-Mansiysk FIDE GP (Women)"]
[Site "Khanty-Mansiysk"]
[Date "2014.04.19"]
[Round "9"]
[White "Muzychuk, Anna"]
[Black "Kosteniuk, Alexandra"]
[Result "0-1"]
[ECO "E11"]
[WhiteElo "2560"]
[BlackElo "2527"]
[Annotator "ChessBase Website"]
[PlyCount "62"]
[EventDate "2014.04.09"]
[EventType "tourn"]
[EventRounds "11"]
[EventCountry "RUS"]
[EventCategory "10"]
[SourceTitle "CBM 160"]
[Source "ChessBase"]
[SourceDate "2014.05.15"]
[SourceVersion "1"]
[SourceVersionDate "2014.05.15"]
[SourceQuality "1"]
[TimeControl "40/5400+30:1800+30"]
[WhiteClock "1:30:00"]
[BlackClock "1:30:00"]

1. d4 Nf6 2. c4 e6 3. g3 d5 4. Bg2 Bb4+ 5. Bd2 Be7 6. Nf3 c6 7. O-O dxc4 (7...
O-O 8. Qc2 b6 9. Rd1 Nbd7 10. Bf4 Bb7 11. Ne5 Nh5 12. Bd2 Nhf6 13. Bf4 Nh5 14.
Bd2 Nhf6 15. cxd5 cxd5 16. Nc6 Bxc6 17. Qxc6 Rc8 18. Qb5 Ne8 19. Qd3 Nd6 20. b3
f5 21. Be1 Nb8 22. e3 Nc6 23. f3 Qd7 24. Nc3 Rc7 25. Rac1 Rfc8 26. Bf1 Ne8 27.
Nb5 Nb4 28. Rxc7 Nxc7 29. Bxb4 Bxb4 30. Rc1 Ne8 31. Rxc8 Qxc8 32. a3 Be7 33.
Nxa7 Qc1 34. Nb5 g5 35. b4 g4 36. fxg4 fxg4 37. Qc3 {Giri,A (2734)-So,W (2719)
Wijk aan Zee 2014 1/2-1/2}) 8. Qc2 b5 9. a4 Bb7 10. Nc3 a6 11. e4 $13 {[%emt 0:04:18][%csl Gd4,Ge4] The Catalan-like sacrifices on
c4 come with risks for both sides, always. White's strong pawn center is many
times overwhelmed by black's massive queen-side pawn structure. In this case
both sides held their advantages closely, but at some point Muzychuk lost her
way in the tactical complications and Kosteniuk capitalized fully on her
opponent's mistakes.} Nbd7 12. Bf4 b4 $146 (12... O-O 13. Rad1 {Shabalov,A (2570)-Gerzhoy,L (2469)
Bahamas op Nassau 2012 (5) 1/2}) 13. Ne2 c5 14. d5 exd5 15. exd5 Bxd5 16. Rad1 Qc8 17. Rfe1 Be4 18. Qxc4 Nb6 19. Qc1 O-O 20. a5 Nbd5 21. Be5 Re8 22. Qc4 Qb7 23. Nc1 Nb6 24. axb6 Bxf3 25. Bxf3 Qxf3 26. Nb3 Ng4 27. Qf4 Nxe5 28. Qxe5 Bf8 29. Qc7 Qxb3 30. Qd7 Qf3 31. Ra1 Red8 0-1

[Event "Khanty-Mansiysk FIDE GP (Women)"]
[Site "Khanty-Mansiysk"]
[Date "2014.04.20"]
[Round "10"]
[White "Kosteniuk, Alexandra"]
[Black "Muminova, Nafisa"]
[Result "1-0"]
[ECO "D38"]
[WhiteElo "2527"]
[BlackElo "2321"]
[Annotator "ChessBase Website"]
[PlyCount "107"]
[EventDate "2014.04.09"]
[EventType "tourn"]
[EventRounds "11"]
[EventCountry "RUS"]
[EventCategory "10"]
[SourceTitle "CBM 160"]
[Source "ChessBase"]
[SourceDate "2014.05.15"]
[SourceVersion "1"]
[SourceVersionDate "2014.05.15"]
[SourceQuality "1"]
[TimeControl "40/5400+30:1800+30"]
[WhiteClock "1:30:00"]
[BlackClock "1:30:00"]

1. d4 e6 2. c4 Nf6 3. Nf3 d5 4. Nc3 Bb4 5. Bg5 Nbd7 6. cxd5 exd5 7. Qc2 h6 8. Bh4 g5 (8... c5 9. e3 Qa5 10. Bd3 c4
11. Bf5 O-O 12. O-O Bxc3 13. bxc3 Re8 14. Nd2 Qa6 15. Rfb1 Nf8 16. Bxc8 Raxc8
17. Bxf6 gxf6 18. a4 Rc7 19. Rb5 Qe6 20. Nf1 Ng6 21. Ng3 Nh4 22. h3 f5 23. Rab1
Ree7 24. Qd1 Red7 25. Nh5 Kf8 26. Nf4 Qe4 27. Qh5 Ng6 28. Qxh6+ Ke7 29. Qg5+
Kf8 30. Nh5 Qd3 31. Nf6 Rd6 32. Rxb7 Rxb7 33. Rxb7 Kg7 34. Ne8+ {1-0 (34)
Khismatullin,D (2658)-Gundavaa,B (2516) Khanty-Mansiysk 2013}) 9. Bg3 Ne4 10. Nd2 Nxg3 11.
hxg3 Nb6 12. e3 c6 13. Bd3 $146 (13. a3 Bd6 14. e4 dxe4 15. Ndxe4 Be6 16.
Bd3 Qe7 17. Nxd6+ Qxd6 18. Ne4 Qe7 19. Qc5 Qxc5 20. dxc5 Nd7 21. O-O-O Ke7 22.
Rhe1 b6 23. f4 gxf4 24. gxf4 Rhg8 25. Bf1 Kf8 26. Rd6 Nxc5 27. Nxc5 bxc5 28.
Rxc6 Rg4 29. f5 Bxf5 30. Rxh6 Kg7 31. Rc6 Rc8 32. Rxc8 Bxc8 33. Re3 Bb7 34. g3
Re4 35. Kd2 Rxe3 36. Kxe3 f5 {1/2-1/2 (36) Gupta,A (2593)-Gundavaa,B (2500)
Jakarta 2013}) 13... Qf6 14. a3 Bf8 15. e4 $5 {[%emt 0:05:41][%csl Re8] Kosteniuk's second win in a row
comes from a very sharp opening. The Russian player sacrificed a pawn for
strong pressure in the center, but an amazing king walk could have turned
things around as Muminova's king was never safe on the kingside, and it should
have sought refuge on the other side of the board. Regardless Black survived
without losing material and a drawish endgame was reached, in which Kosteniuk
completely outplayed her opponent and showed great technique.} Qxd4 16. O-O-O Bg7 17. exd5 Nxd5 18. Rhe1+ Be6 19.
Nb3 Qf6 20. Nxd5 cxd5 21. Bb5+ Kf8 22. Nd4 Bg4 23. f3 Qb6 24. Qc3 Bxd4 25. Rxd4 Rc8 26. Rc4 d4 27. Qd3 Rxc4+ 28. Bxc4 Bh5 29. Re4 Bg6 30. Qxd4 Qxd4 31. Rxd4 Ke7 32. Kd2 Rc8 33. Ke3 a6 34. a4 Bc2 35. a5 Rc6 36. Bd5 Rc5 37. b4 Rc3+ 38. Kd2 Rc7 39.
Bxb7 Rxb7 40. Kxc2 Rc7+ 41. Kb2 f5 42. Rd1 Rc6 43. Kb3 Rc7 44.
Rh1 Rc6 45. b5 axb5 46. Ra1 Kd6 47. a6 Rc8 48. Rd1+ Ke5 49.
Kb4 g4 50. a7 h5 51. f4+ Ke4 52. Re1+ Kd4 53. Kxb5 Rg8 54. Re5 1-0